[Event "Queens Festival Europe 2022"]
[Site "Tornelo"]
[Date "2022.06.19"]
[Round "10.5"]
[White "Grimaldi, Angela Flavia"]
[Black "Grigoryan, Meri"]
[Result "0-1"]
[ECO "C54"]
[WhiteElo "1995"]
[BlackElo "1993"]
[Annotator "NA RC"]
[PlyCount "58"]
[EventDate "2022.06.19"]
[EventType "swiss"]
[EventCountry "NET"]
[SourceTitle "playchess.com"]
[Source "ChessBase"]
[SourceQuality "1"]
[TimeControl "180+2"]

1. e4 e5 2. Nf3 Nc6 3. Bc4 Bc5 4. c3 Nf6 5. d3 O-O 6. Bb3 h6 7. O-O d6 8. Nbd2 Bg4 9. h3 Bh5 10. Re1 a5 11. a4 Ne7 12. Nf1 Bxf3 13. Qxf3 Ng6 14. Ng3 Nh4 15. Qe2 c6 16. Be3 Bxe3 17. fxe3 d5 18. exd5 cxd5 19. e4 d4 20. Rf1 dxc3 21. bxc3 Qb6+ 22. d4 Qxb3 23. dxe5 Qxc3 24. Nf5 Nxf5 25. exf5 Nd5 26. Kh1 Rfe8 27. Rae1 Rac8 28. f6 Nxf6 29. Rc1 Qxc1 0-1

[Event "Queens Festival Europe 2022"]
[Site "Tornelo"]
[Date "2022.06.19"]
[Round "10.5"]
[White "Farzaliyeva, Shams"]
[Black "Hariharan, Shambavi"]
[Result "1-0"]
[ECO "D50"]
[WhiteElo "1219"]
[BlackElo "1517"]
[Annotator "NA RC"]
[PlyCount "157"]
[EventDate "2022.06.19"]
[EventType "swiss"]
[EventCountry "NET"]
[SourceTitle "playchess.com"]
[Source "ChessBase"]
[SourceQuality "1"]
[TimeControl "180+2"]

1. d4 d5 2. c4 c6 3. Nc3 Nf6 4. Bg5 e6 5. e3 h6 6. Bh4 Nbd7 7. Bd3 dxc4 8. Bxc4 b5 9. Bd3 Bb7 10. Nf3 Be7 11. O-O O-O 12. a3 a6 13. Rc1 c5 14. Bxf6 Bxf6 15. Ne4 Bxe4 16. Bxe4 Rb8 17. dxc5 Qc7 18. c6 Nb6 19. b3 Rfc8 20. Qc2 Be7 21. Rfd1 Bxa3 22. Ra1 Be7 23. Rxa6 Bf6 24. Qc5 Be7 25. Qxb5 Nd5 26. Qc4 Rb4 27. Qc2 Rb6 28. Rxb6 Qxb6 29. Bxd5 exd5 30. Rxd5 Qxc6 31. Qxc6 Rxc6 32. Rd1 Bf6 33. Rb1 Rb6 34. Kf1 Kf8 35. Ke2 Ke7 36. Kd3 Kd6 37. Nd4 Kd5 38. e4+ Kc5 39. Nf5 Kb4 40. f4 g6 41. Nxh6 Ka3 42. Nxf7 Ka2 43. Re1 Rxb3+ 44. Kc4 Rc3+ 45. Kd5 Rc2 46. e5 Be7 47. Ke6 Bf8 48. g4 Rxh2 49. Kf6 Rf2 50. f5 gxf5 51. gxf5 Rb2 52. e6 Rb6 53. Ne5 Bb4 54. Nd7 Bc3+ 55. Kf7 Rb7 56. Re2+ Kb3 57. Ke8 Rc7 58. e7 Bb4 59. Re3+ Kc2 60. f6 Kd2 61. Re4 Kd3 62. Rxb4 Rc8+ 63. Kf7 Kc3 64. e8=Q Rxe8 65. Kxe8 Kxb4 66. f7 Kc4 67. f8=Q Kc3 68. Qd6 Kc4 69. Nb6+ Kb5 70. Kd7 Ka5 71. Nc4+ Ka4 72. Ne5 Kb3 73. Qc6 Kb4 74. Kd6 Kb3 75. Kd5 Kb2 76. Kd4 Ka1 77. Qb5 Ka2 78. Kc3 Ka1 79. Qb2# 1-0

[Event "Queens Festival Europe 2022"]
[Site "Tornelo"]
[Date "2022.06.19"]
[Round "10.6"]
[White "Steffensen, Elena"]
[Black "Kordzadze, Nino"]
[Result "1-0"]
[ECO "C11"]
[WhiteElo "2044"]
[BlackElo "2043"]
[Annotator "NA RC"]
[PlyCount "99"]
[EventDate "2022.06.19"]
[EventType "swiss"]
[EventCountry "NET"]
[SourceTitle "playchess.com"]
[Source "ChessBase"]
[SourceQuality "1"]
[TimeControl "180+2"]

1. e4 e6 2. Nc3 d5 3. Nf3 Nf6 4. e5 Nfd7 5. d4 c5 6. dxc5 Bxc5 7. Bd3 Nc6 8. Bf4 Qb6 9. O-O Be7 10. Na4 Qb4 11. c4 dxc4 12. a3 Qb5 13. Nc3 Qxb2 14. Na4 Qb5 15. Rb1 Qa6 16. Be2 Nb6 17. Nc3 Bd7 18. Nb5 O-O 19. Nc7 Qxa3 20. Nxa8 Rxa8 21. Ra1 Qc5 22. Be3 Qb5 23. Bxb6 Qxb6 24. Bxc4 Rd8 25. Qb3 Qxb3 26. Bxb3 a6 27. Rfd1 Be8 28. Rxd8 Bxd8 29. Ba4 Kf8 30. Bxc6 Bxc6 31. Nd4 Bd5 32. Kf1 Ke7 33. f4 Bb6 34. Nc2 Bc5 35. Ke2 Bxg2 36. Ne3 Bc6 37. h4 Bb4 38. Rb1 Bc5 39. Ra1 Bb5+ 40. Kf3 b6 41. f5 Bxe3 42. Kxe3 exf5 43. Rd1 h6 44. Rd6 g5 45. Rxh6 g4 46. Rxb6 g3 47. Kf3 f4 48. h5 Bc4 49. Rb1 Bd5+ 50. Kxf4 1-0

[Event "Queens Festival Europe 2022"]
[Site "Tornelo"]
[Date "2022.06.19"]
[Round "10.6"]
[White "Arora, Tashika"]
[Black "Bordin, Silvia"]
[Result "0-1"]
[ECO "E04"]
[WhiteElo "1822"]
[BlackElo "1991"]
[Annotator "NA RC"]
[PlyCount "66"]
[EventDate "2022.06.19"]
[EventType "swiss"]
[EventCountry "NET"]
[SourceTitle "playchess.com"]
[Source "ChessBase"]
[SourceQuality "1"]
[TimeControl "180+2"]

1. d4 d5 2. Nf3 e6 3. c4 c5 4. g3 Nc6 5. Bg2 Nf6 6. O-O dxc4 7. Qa4 Bd7 8. Qxc4 cxd4 9. Nxd4 Nxd4 10. Qxd4 Bc6 11. Bxc6+ bxc6 12. Qa4 Qc8 13. Bf4 Be7 14. Rc1 O-O 15. Rxc6 Qd7 16. Qc2 Nd5 17. Bd2 Bf6 18. e4 Nb6 19. Bb4 Rfc8 20. Rxc8+ Rxc8 21. Nc3 Bd4 22. Rd1 e5 23. Qd2 h6 24. Ne2 Nc4 25. Qe1 Nxb2 26. Rd2 Nc4 27. Rd1 Rd8 28. Nxd4 exd4 29. Qe2 Ne5 30. f4 Nc6 31. Bc5 d3 32. Qe3 a6 33. a4 Na5 0-1

[Event "Queens Festival Europe 2022"]
[Site "Tornelo"]
[Date "2022.06.19"]
[Round "10.6"]
[White "Subramanian, Anusha"]
[Black "Egger, Stefanie"]
[Result "1/2-1/2"]
[ECO "A06"]
[WhiteElo "1671"]
[BlackElo "1700"]
[Annotator "NA RC"]
[PlyCount "152"]
[EventDate "2022.06.19"]
[EventType "swiss"]
[EventCountry "NET"]
[SourceTitle "playchess.com"]
[Source "ChessBase"]
[SourceQuality "1"]
[TimeControl "180+2"]

1. b3 d5 2. Bb2 e6 3. Nf3 c5 4. e3 Nf6 5. Bb5+ Nc6 6. Ne5 Qc7 7. O-O Bd6 8. Nf3 O-O 9. d4 a6 10. Be2 cxd4 11. Nxd4 Nxd4 12. Bxd4 Be5 13. c4 dxc4 14. Bxc4 b5 15. Be2 Bb7 16. Nd2 Bxh2+ 17. Kh1 Be5 18. Nf3 Bxd4 19. Nxd4 Rfd8 20. Qc1 Qe5 21. Bf3 Bxf3 22. Nxf3 Qh5+ 23. Kg1 Rac8 24. Qb2 Ne4 25. Qe5 Qg6 26. Nh4 Qg4 27. f3 Qxh4 28. fxe4 f6 29. Qxe6+ Kh8 30. Qf5 Re8 31. Rf4 Qg5 32. Re1 Qxf5 33. exf5 Re5 34. g4 Rce8 35. e4 Kg8 36. Kf2 Kf7 37. Kf3 Rc8 38. Rh1 h6 39. Rd1 Rc7 40. Rd6 a5 41. Rd2 Rce7 42. Ke3 Rc7 43. Rff2 Ke7 44. Rf1 Rc6 45. Rfd1 Rc7 46. Rd5 Rxd5 47. Rxd5 Rc2 48. Rxb5 Rxa2 49. Rb7+ Kf8 50. Kd4 a4 51. Kd5 axb3 52. Rxb3 Ra5+ 53. Ke6 Ra6+ 54. Kd7 Ra7+ 55. Kd6 Re7 56. Rb8+ Kf7 57. Kd5 Rd7+ 58. Kc4 Re7 59. Kd3 Rd7+ 60. Ke3 g6 61. fxg6+ Kxg6 62. Kf4 Kg7 63. Rb5 Re7 64. Rh5 Kg6 65. Rf5 Kg7 66. Rd5 Kg6 67. Rd6 Rf7 68. e5 Kg7 69. exf6+ Rxf6+ 70. Rxf6 Kxf6 71. Kf3 Ke5 72. Kg3 Kf6 73. Kh4 Kg6 74. Kg3 Kg5 75. Kh3 h5 76. gxh5 Kxh5 1/2-1/2

[Event "Queens Festival Europe 2022"]
[Site "Tornelo"]
[Date "2022.06.19"]
[Round "10.6"]
[White "Ismayilova, Khanim"]
[Black "Rahimli, Ulkar"]
[Result "1-0"]
[ECO "A18"]
[WhiteElo "1647"]
[BlackElo "1268"]
[Annotator "NA RC"]
[PlyCount "107"]
[EventDate "2022.06.19"]
[EventType "swiss"]
[EventCountry "NET"]
[SourceTitle "playchess.com"]
[Source "ChessBase"]
[SourceQuality "1"]
[TimeControl "180+2"]

1. c4 Nf6 2. Nc3 d6 3. e4 e6 4. g3 Be7 5. Bg2 O-O 6. d3 c6 7. Nge2 d5 8. cxd5 cxd5 9. e5 Nfd7 10. d4 Nc6 11. O-O a6 12. f4 f5 13. Be3 Rf7 14. Nxd5 exd5 15. e6 Rf6 16. exd7 Qxd7 17. Qb3 Nb4 18. a3 Nc6 19. Nc3 Kh8 20. Nxd5 Rb8 21. Nxf6 Bxf6 22. Rad1 Qd6 23. Rfe1 Be6 24. d5 Bf7 25. Qb6 Bd8 26. Qc5 Qxc5 27. Bxc5 Na5 28. d6 h6 29. d7 Nc4 30. Re8+ Kh7 31. Be7 Ne3 32. Rxd8 Rxd8 33. Bxd8 Be6 34. Re1 Bxd7 35. Rxe3 b5 36. Re7 b4 37. Rxd7 a5 38. axb4 axb4 39. Bf6 Kg6 40. Bxg7 h5 41. Bd5 b3 42. Be5 h4 43. Be6 hxg3 44. hxg3 Kh6 45. Bg7+ Kg6 46. g4 fxg4 47. f5+ Kg5 48. f6 g3 49. f7 g2 50. f8=Q Kg6 51. Bf7+ Kg5 52. Qc5+ Kh4 53. Rd4+ Kg3 54. Qc3# 1-0

[Event "Queens Festival Europe 2022"]
[Site "Tornelo"]
[Date "2022.06.19"]
[Round "10.7"]
[White "Richtrova, Eliska"]
[Black "Maksimovic, Suzana"]
[Result "1-0"]
[ECO "B30"]
[WhiteElo "2204"]
[BlackElo "2145"]
[Annotator "TA"]
[PlyCount "55"]
[EventDate "2022.06.19"]
[EventType "swiss"]
[EventCountry "NET"]
[SourceTitle "playchess.com"]
[Source "ChessBase"]
[SourceQuality "1"]
[TimeControl "180+2"]

1. Nf3 c5 2. e4 Nc6 3. Nc3 e5 4. d3 h6 5. g3 Nf6 6. Bg2 {[%emt 0:00:02] B30: Sicilian: 2...Nc6 3 Bb5, lines without ...g6.} d6 7. O-O g6 8. h3 {[%emt 0:00:06] White has an edge.} Bg7 9. Nh4 O-O {[%emt 0:00:06] [#]} 10. Bd2 $146 ({Predecessor:} 10. Be3 Nd4 11. Ne2 g5 12. Bxd4 cxd4 13. Nf5 Bxf5 14. exf5 Qd7 15. g4 Rfe8 16. Ng3 {0-1 (57) Senkyr,M (2103)-Tichy,M (1985) Czech Republic 2019}) 10... Kh7 11. Be1 Be6 12. f4 exf4 13. gxf4 a6 14. f5 Bc8 15. fxg6+ fxg6 16. Ne2 (16. Nd5 $15) 16... Ne5 (16... Nh5 $17 17. Rxf8 Qxf8) 17. c3 $1 $11 Bd7 ({Black should try} 17... c4 $11 18. d4 Nd3) 18. d4 $14 cxd4 19. cxd4 Nc4 (19... Nc6 $1 $14) 20. Qb3 (20. Qd3 $1 $18 Bb5 21. Nxg6 $1 ) 20... b5 (20... Rc8 $1 $14) 21. Qg3 $2 (21. Qd3 $1 $18 Be8 22. b3) 21... g5 {[%emt 0:00:20] [#]} (21... Qe8 $11) 22. Nf5 (22. Qd3 $1 $16 {Hoping for e5+.} gxh4 23. e5+ Kh8 24. exf6 Bxf6 25. b3) 22... Bxf5 (22... Nh5 $1 $11 23. Qc3 Rc8) 23. Rxf5 $16 {[%emt 0:00:05] And now b3 would win.} Qd7 (23... Nh5 $16 24. Qf2 Nf4) 24. Bc3 $2 (24. b3 $18) 24... Rae8 (24... d5 $1 $11) 25. Raf1 ({White should play} 25. Qd3 $16 {aiming for e5.} Kg8 26. Ng3) 25... Nxe4 (25... Nh5 $1 $14 26. Qd3 Rxf5 27. Rxf5 Ne3) 26. Bxe4 $18 Rxe4 27. Rxf8 Rxe2 $2 (27... Bxf8 $18 28. Qd3 (28. Rxf8 Rxe2 29. Qf3 Re7 $16) 28... d5) 28. Qd3+ {[%emt 0:00:05] Weighted Error Value: White=0.56/Black=0.89} 1-0

[Event "Queens Festival Europe 2022"]
[Site "Tornelo"]
[Date "2022.06.19"]
[Round "10.7"]
[White "Cassi, Elisa"]
[Black "Can, Isil"]
[Result "0-1"]
[ECO "C97"]
[WhiteElo "1999"]
[BlackElo "1901"]
[Annotator "NA RC"]
[PlyCount "82"]
[EventDate "2022.06.19"]
[EventType "swiss"]
[EventCountry "NET"]
[SourceTitle "playchess.com"]
[Source "ChessBase"]
[SourceQuality "1"]
[TimeControl "180+2"]

1. e4 e5 2. Nf3 Nc6 3. Bb5 a6 4. Ba4 Nf6 5. O-O Be7 6. Re1 b5 7. Bb3 d6 8. c3 O-O 9. h3 Na5 10. Bc2 c5 11. d4 Qc7 12. d5 Nd7 13. b3 Nb6 14. Nbd2 c4 15. b4 Nb7 16. Nf1 Bd7 17. Be3 a5 18. a3 axb4 19. axb4 Na4 20. Qd2 Ra6 21. Ng3 Rfa8 22. Nf5 Bf8 23. N3h4 g6 24. Nh6+ Bxh6 25. Bxh6 Qd8 26. Nf3 f6 27. Nh2 Qe7 28. f4 exf4 29. Bxf4 Nd8 30. Rf1 Nf7 31. Ng4 Bxg4 32. hxg4 Ne5 33. g5 fxg5 34. Bxg5 Qg7 35. Bh6 Qa7+ 36. Be3 Qe7 37. Rae1 Nb2 38. Bg5 Qa7+ 39. Kh1 Nbd3 40. Re2 Ra1 41. Rxa1 Qxa1+ 0-1

[Event "Queens Festival Europe 2022"]
[Site "Tornelo"]
[Date "2022.06.19"]
[Round "10.7"]
[White "Khalilova, Khadija"]
[Black "Frundina, Yelyzaveta"]
[Result "1-0"]
[ECO "B86"]
[WhiteElo "1777"]
[BlackElo "1624"]
[Annotator "NA RC"]
[PlyCount "99"]
[EventDate "2022.06.19"]
[EventType "swiss"]
[EventCountry "NET"]
[SourceTitle "playchess.com"]
[Source "ChessBase"]
[SourceQuality "1"]
[TimeControl "180+2"]

1. e4 c5 2. Nf3 d6 3. d4 cxd4 4. Nxd4 Nf6 5. Nc3 a6 6. Bc4 e6 7. Bb3 Be7 8. O-O O-O 9. Be3 Nbd7 10. f3 Qc7 11. Qd2 b5 12. a4 b4 13. Na2 a5 14. Nb5 Qc6 15. c3 Ba6 16. cxb4 Bxb5 17. axb5 Qxb5 18. Rfc1 Rfc8 19. h3 Ne5 20. Bd4 a4 21. Bd1 h6 22. Be2 Qb7 23. b5 a3 24. bxa3 Rxa3 25. Nb4 Rxa1 26. Rxa1 Ra8 27. Rxa8+ Qxa8 28. b6 Qb7 29. Ba6 Qb8 30. b7 d5 31. Bxe5 Qxe5 32. Nc6 Bc5+ 33. Kf1 Qa1+ 34. Ke2 Qxa6+ 35. Qd3 Qxb7 36. Na5 Qb4 37. Nc6 Qb2+ 38. Kd1 Qa1+ 39. Ke2 Qb2+ 40. Kd1 Qa1+ 41. Kc2 Qa2+ 42. Kd1 Qa4+ 43. Ke2 Qxc6 44. e5 Nd7 45. f4 Nb6 46. g4 g6 47. Qb3 Kg7 48. h4 d4 49. g5 Qe4+ 50. Kd1 1-0

[Event "Queens Festival Europe 2022"]
[Site "Tornelo"]
[Date "2022.06.19"]
[Round "10.7"]
[White "Andries, Leia"]
[Black "Jafarova, Aysel"]
[Result "0-1"]
[ECO "B01"]
[WhiteElo "1438"]
[BlackElo "1481"]
[Annotator "NA RC"]
[PlyCount "108"]
[EventDate "2022.06.19"]
[EventType "swiss"]
[EventCountry "NET"]
[SourceTitle "playchess.com"]
[Source "ChessBase"]
[SourceQuality "1"]
[TimeControl "180+2"]

1. e4 d5 2. exd5 Nf6 3. d4 Nxd5 4. c4 Nb6 5. Nf3 g6 6. Nc3 Bg7 7. Be2 O-O 8. O-O Nc6 9. Be3 Bg4 10. d5 Bxf3 11. Bxf3 Ne5 12. c5 Nxf3+ 13. Qxf3 Nc4 14. Nd1 Ne5 15. Qe4 f5 16. Qb4 Qxd5 17. Nc3 Qc6 18. Rfe1 Kh8 19. Bf4 Nd3 20. Qc4 Nxf4 21. Qxf4 Qxc5 22. Rac1 e5 23. Qf3 e4 24. Qf4 Qe5 25. Qg5 Bf6 26. Qh6 Bg7 27. Qg5 c6 28. f3 Qd4+ 29. Kh1 exf3 30. gxf3 Qf2 31. Qf4 Rae8 32. Rf1 Qxb2 33. Qc4 Bxc3 34. Rxc3 Rd8 35. Rb3 Qd4 36. Qe2 Rfe8 37. Qg2 b5 38. Rb2 a5 39. Rbf2 Qc3 40. Rc2 Qf6 41. f4 Re4 42. Rcf2 Rde8 43. Rc2 Qd6 44. Rd2 Rd4 45. Rdf2 Ree4 46. Qg3 Rd3 47. Qg2 c5 48. Rc2 c4 49. Rcf2 c3 50. Rc1 b4 51. Rfc2 Rd1+ 52. Rxd1 Qxd1+ 53. Qg1 Qxc2 54. Qa7 Re1+ 0-1

[Event "Queens Festival Europe 2022"]
[Site "Tornelo"]
[Date "2022.06.19"]
[Round "10.8"]
[White "Smith, Olivia"]
[Black "Machlik, Edit"]
[Result "1/2-1/2"]
[ECO "B10"]
[WhiteElo "2039"]
[BlackElo "2084"]
[Annotator "NA RC"]
[PlyCount "125"]
[EventDate "2022.06.19"]
[EventType "swiss"]
[EventCountry "NET"]
[SourceTitle "playchess.com"]
[Source "ChessBase"]
[SourceQuality "1"]
[TimeControl "180+2"]

1. e4 c6 2. d3 d5 3. Nd2 e5 4. Ngf3 Bd6 5. g3 Nf6 6. Bg2 O-O 7. O-O dxe4 8. dxe4 Qe7 9. Re1 Rd8 10. Qe2 Nbd7 11. Nc4 Bc7 12. Bg5 h6 13. Bxf6 Nxf6 14. Rad1 Bg4 15. h3 Bxf3 16. Bxf3 Qc5 17. Ne3 Rxd1 18. Rxd1 Rd8 19. Rxd8+ Bxd8 20. Nf5 Bb6 21. Ne3 Qd4 22. c3 Qd7 23. Nf5 a5 24. Bg2 Qe6 25. a3 Qa2 26. Kh2 Qb1 27. Ne7+ Kf8 28. Nf5 Qc1 29. Qd3 Kg8 30. Qe2 Bc5 31. b4 axb4 32. cxb4 Bd4 33. Qf3 Qd2 34. Nxh6+ gxh6 35. Qxf6 Qxf2 36. Qxf2 Bxf2 37. Bf3 Be1 38. Kg2 Bc3 39. Be2 Kg7 40. Kf3 Kf6 41. Ke3 Kg5 42. Kd3 Bd4 43. a4 Bf2 44. g4 Kh4 45. Bf1 Kg3 46. Ke2 Bd4 47. b5 cxb5 48. axb5 Kf4 49. Bg2 b6 50. Kd3 Kg3 51. Bf1 Kf2 52. Be2 Kg2 53. h4 Kg3 54. h5 Kh4 55. Bd1 Kg5 56. Kc4 Kf6 57. Kd5 Kg5 58. Be2 f6 59. Ke6 Be3 60. Bd1 Bd4 61. Be2 Be3 62. Bd1 Bd4 63. Be2 1/2-1/2

[Event "Queens Festival Europe 2022"]
[Site "Tornelo"]
[Date "2022.06.19"]
[Round "10.8"]
[White "Roy, Ali"]
[Black "Rahimli, Izzat"]
[Result "0-1"]
[ECO "A07"]
[WhiteElo "1893"]
[BlackElo "1817"]
[Annotator "NA RC"]
[PlyCount "72"]
[EventDate "2022.06.19"]
[EventType "swiss"]
[EventCountry "NET"]
[SourceTitle "playchess.com"]
[Source "ChessBase"]
[SourceQuality "1"]
[TimeControl "180+2"]

1. Nf3 d5 2. g3 Nf6 3. Bg2 e6 4. O-O Bd6 5. d3 O-O 6. Nbd2 h6 7. e4 Nbd7 8. Qe1 dxe4 9. dxe4 e5 10. Nc4 Re8 11. Nxd6 cxd6 12. b3 Nc5 13. Nh4 b6 14. b4 Ne6 15. Bb2 Ba6 16. f4 Bxf1 17. Qxf1 exf4 18. gxf4 Nh5 19. Nf5 Nexf4 20. Bf3 Qg5+ 21. Kh1 g6 22. Bxh5 gxf5 23. Qf2 Nh3 24. Qf3 Qh4 25. Qxf5 Qxe4+ 26. Qxe4 Rxe4 27. Bf3 Rxb4 28. Bc3 Rc4 29. Bxa8 Rxc3 30. Bg2 Nf2+ 31. Kg1 Rxc2 32. Rf1 Ng4 33. Bd5 Ne5 34. h4 Rc5 35. Bb3 a5 36. Rd1 Nc4 0-1

[Event "Queens Festival Europe 2022"]
[Site "Tornelo"]
[Date "2022.06.19"]
[Round "10.9"]
[White "Stewart-Bermann, Tanya"]
[Black "Gjergji, Rozana"]
[Result "0-1"]
[ECO "D02"]
[WhiteElo "1863"]
[BlackElo "1920"]
[Annotator "NA RC"]
[PlyCount "64"]
[EventDate "2022.06.19"]
[EventType "swiss"]
[EventCountry "NET"]
[SourceTitle "playchess.com"]
[Source "ChessBase"]
[SourceQuality "1"]
[TimeControl "180+2"]

1. d4 d5 2. Bf4 Nf6 3. e3 c6 4. Nf3 Bf5 5. Nbd2 Nbd7 6. c3 Ne4 7. Qb3 b6 8. Be2 f6 9. Bg3 e6 10. O-O Be7 11. Nxe4 Bxe4 12. Nd2 Bg6 13. f3 O-O 14. e4 f5 15. exd5 exd5 16. c4 Nf6 17. Be5 Kh8 18. f4 Ne4 19. Nf3 dxc4 20. Bxc4 b5 21. Bd3 Bf7 22. Qc2 Bd5 23. Nd2 Nd6 24. Bxf5 Nxf5 25. Nf3 Ne3 26. Qd2 Nxf1 27. Rxf1 Bxf3 28. Rxf3 Bf6 29. Rh3 Bxe5 30. fxe5 Qd5 31. Qd3 h6 32. Qg6 Qxd4+ 0-1

[Event "Queens Festival Europe 2022"]
[Site "Tornelo"]
[Date "2022.06.19"]
[Round "10.10"]
[White "Ostafiev, Cristina"]
[Black "Ismayilova, Salbinaz"]
[Result "0-1"]
[ECO "C28"]
[WhiteElo "1173"]
[BlackElo "1090"]
[Annotator "NA RC"]
[PlyCount "84"]
[EventDate "2022.06.19"]
[EventType "swiss"]
[EventCountry "NET"]
[SourceTitle "playchess.com"]
[Source "ChessBase"]
[SourceQuality "1"]
[TimeControl "180+2"]

1. e4 e5 2. Nc3 Nc6 3. Bc4 Bc5 4. d3 Nf6 5. Bg5 d6 6. Nd5 Be6 7. Nxf6+ gxf6 8. Bh6 Rg8 9. Bxe6 fxe6 10. Qh5+ Kd7 11. Qf7+ Qe7 12. Qxe7+ Kxe7 13. g3 Nd4 14. O-O-O Nc6 15. Ne2 a5 16. Nc3 a4 17. Nb5 Kd7 18. f4 a3 19. b3 Bb4 20. fxe5 fxe5 21. d4 Ra5 22. c4 exd4 23. Nxd4 Nxd4 24. Rxd4 Rg6 25. Bf4 Ke7 26. Re1 e5 27. Bxe5 dxe5 28. Rdd1 Bxe1 29. Rxe1 Rh6 30. Rd1 Rxh2 31. Re1 Rxa2 32. Rg1 Ra1+ 33. Kc2 Rxg1 34. b4 a2 35. bxa5 a1=Q 36. c5 Qxa5 37. c6 Qc5+ 38. Kd2 Qc1+ 39. Kd3 Rxg3+ 40. Ke2 Qc2+ 41. Kf1 Rg2 42. cxb7 Qe2# 0-1